 Dungeon Crawl Stone Soup version 0.23.0 (webtiles) character file.

Game seed: 10605999449432829101

5735 MalarOregon the Spear-Bearer (level 10, 0/79 HPs)
             Began as a Merfolk Skald on Feb 17, 2019.
             Slain by a two-headed ogre
             ... wielding a +0 giant spiked club
              (3 damage)
             ... on level 9 of the Dungeon.
             The game lasted 00:24:09 (10151 turns).

MalarOregon the Spear-Bearer (Merfolk Skald)       Turns: 10151, Time: 00:24:09

Health: 0/79       AC: 13    Str: 14    XL:     10   Next: 77%
Magic:  19/19      EV: 15    Int: 13    God:
Gold:   541        SH:  5    Dex: 14    Spells: 15/21 levels left

rFire    . . .     SeeInvis .   a - +1 trident (protect)
rCold    . . .     Gourm    .   q - +0 buckler
rNeg     + . .     Faith    .   j - +2 ring mail {rN+}
rPois    +         Spirit   .   E - +1 hat
rElec    .         Reflect  .   (no cloak)
rCorr    .         Harm     .   u - +0 pair of gloves
MR       .....                  (no boots)
Stlth    +.........             (no amulet)
HPRegen  0.23/turn              p - +3 ring of protection
MPRegen  0.16/turn              A - ring of poison resistance

@: no status effects
A: change form in water, swift swim, stealthy swim
a: no special abilities


You were on level 9 of the Dungeon.
You were not hungry.

You visited 2 branches of the dungeon, and saw 10 of its levels.

You collected 541 gold pieces.

Inventory:

Hand Weapons
 a - a +1 trident of protection (weapon)
   (You took it off an orc on level 3 of the Dungeon)
Armour
 j - a +2 ring mail of positive energy (worn)
   (You found it on level 1 of the Dungeon)
 q - a +0 buckler (worn)
   (You found it on level 3 of the Dungeon)
 u - a +0 pair of gloves (worn)
   (You found it on level 6 of the Dungeon)
 w - a +1 scale mail of positive energy
   (You found it on level 6 of the Dungeon)
 E - a +1 hat (worn)
   (You found it on level 7 of the Dungeon)
Jewellery
 n - an uncursed ring of positive energy
   (You found it on level 2 of the Dungeon)
 p - a +3 ring of protection (left hand)
   (You found it on level 2 of the Dungeon)
 v - an uncursed ring of fire
   (You found it on level 5 of the Dungeon)
 y - an uncursed ring of flight
   (You found it on level 6 of the Dungeon)
 A - a ring of poison resistance (right hand)
   (You found it on level 6 of the Dungeon)
 D - a +3 ring of intelligence
   (You found it on level 8 of the Dungeon)
Wands
 t - a wand of flame (24)
   (You took it off Sigmund on level 6 of the Dungeon)
Scrolls
 c - a scroll of enchant armour {unknown}
 d - 6 scrolls of remove curse {@r2}
 f - 4 scrolls of amnesia
 h - 7 scrolls of teleportation {@r4}
 i - a scroll of enchant weapon
 l - a scroll of fear
 m - a scroll of fog {unknown}
 o - 8 scrolls of identify {@r1}
 x - a scroll of magic mapping {unknown}
 z - a scroll of vulnerability {unknown}
Potions
 b - a potion of flight
 g - a potion of invisibility
 r - 2 potions of haste {@q3}
 s - 3 potions of mutation {!q}
 B - 4 potions of heal wounds {@q2}
 C - a potion of lignification {unknown}
 F - a potion of agility {unknown}
Comestibles
 e - 14 rations {!d}


   Skills:
 + Level 7.2 Fighting
 + Level 9.6 Polearms
 - Level 4.0 Armour
 + Level 8.7 Dodging
 - Level 4.0 Shields
 + Level 6.1 Spellcasting
 + Level 7.7 Charms


You had 15 spell levels left.
You knew the following spells:

 Your Spells              Type           Power        Failure   Level  Hunger
e - Regeneration          Chrm/Necr      ##........   19%         3    ###....
t - Spectral Weapon       Hex/Chrm       ##......     19%         3    ###....

Your spell library contained the following spells:

 Spells                   Type           Power        Failure   Level  Hunger
 Infusion                 Chrm           ###.         1%          1    None
 Song of Slaying          Chrm           ###.....     1%          2    #......
 Shroud of Golubria       Chrm/Tloc      ##........   10%         2    #......
 Beastly Appendage        Tmut           #.....       32%         1    None
 Sandblast                Erth           #.....       32%         1    None
 Passwall                 Tmut/Erth      #.......     43%         2    #......
 Sticks to Snakes         Tmut           #.......     43%         2    #......
 Spider Form              Tmut/Pois      #.........   67%         3    ###....
 Stone Arrow              Conj/Erth      #.....       67%         3    ###....
 Ice Form                 Ice/Tmut       #.......     97%         4    ####...
 Petrify                  Tmut/Erth      #.......     97%         4    ####...
 Blade Hands              Tmut           #.........   100%        5    ######.
 Lee's Rapid Deconstruct  Erth           #.........   100%        5    ######.


Dungeon Overview and Level Annotations

Branches:
Dungeon (9/15)             Temple (1/1) D:4
   Lair: D:8-11         Orc: D:9-12

Altars:
Ashenzari
Dithmenos
Elyvilon
Fedhas
Gozag
Hepliaklqana
Kikubaaqudgha
Nemelex Xobeh
Okawaru
Qazlal
Ru
Sif Muna
Trog
Uskayaw
Vehumet
Wu Jian
Xom
Yredelemnul
Zin
The Shining One


Message History

You hit the eye of draining but do no damage.
You feel sick. The eye of draining gazes at you.
You feel your power leaking away.
You hit the eye of draining. You hit the eye of draining.
The eye of draining gazes at you.
You puncture the eye of draining!
You kill the eye of draining!
Items here: ÷ ††† a killer bee corpse x3; a troll skeleton There isn't anything edible to butcher here.
There isn't anything edible to butcher here.
You feel sick.
You start resting.
Eating one of 10 chunks of flesh.
You eat one of the 10 chunks of flesh.
You feel sick.
You are no longer poisoned.
You start resting.
Some of the chunks of flesh in your inventory have rotted away.
A hobgoblin skeleton comes into view.
Your ring mail prevents you from hitting the hobgoblin skeleton.
You barely miss the hobgoblin skeleton.
The hobgoblin skeleton hits you but does no damage.
You puncture the hobgoblin skeleton!
Your weapon exudes an aura of protection.
You destroy the hobgoblin skeleton!
Items here: ÷ ††† a killer bee corpse x3; a troll skeleton You start resting.
You start resting.
A two-headed ogre comes into view.
It is wielding a +0 giant spiked club and a +0 giant club.
Okay, then.
You puncture the two-headed ogre!
Your weapon exudes an aura of protection.
The two-headed ogre hits you with a +0 giant spiked club!!
* * * LOW HITPOINT WARNING * * *
The two-headed ogre barely misses you.
You puncture the two-headed ogre! You closely miss the two-headed ogre.
You block the two-headed ogre's attack. The two-headed ogre barely misses you.
You puncture the two-headed ogre!
The two-headed ogre hits you with a +0 giant spiked club!!
* * * LOW HITPOINT WARNING * * *
The two-headed ogre hits you but does no damage.
All of the chunks of flesh in your inventory have rotted away.
The two-headed ogre hits you with a +0 giant spiked club!
* * * LOW HITPOINT WARNING * * *
The two-headed ogre hits you with a +0 giant club.
You die...

#............# #.#
#............# #.#
#............# #.#
#.=.#........# #.#
##..#........####.#######
#..+[.......+...........
...#........##.#)#
....#........##...# .
............O@.#..<#.#
#.....###.#.###.#.###.#
#### #.#.# #.......#
..#.###......##
.###..##......# #.
##.##......# #
#..#......# ##.#......#
#..##+####


You could see a two-headed ogre.

Vanquished Creatures
  A centaur zombie (D:7)
  A komodo dragon (D:8)
  A troll (D:9)
  A hippogriff (D:7)
  4 yaks
  Sigmund (D:6)
  A hungry ghost (D:7)
  3 wargs
  An orc warrior (D:6)
  3 ice beasts
  Purgy (D:4)
  An eye of draining (D:9)
  3 ogres
  8 centaurs
  A big kobold (D:6)
  3 bullfrogs
  A wyvern zombie (D:6)
  A wyvern skeleton (D:9)
  A scorpion (D:7)
  4 wights
  4 killer bees (D:9)
  3 crimson imps
  A bullfrog zombie (D:6)
  2 jellies
  2 hounds
  8 orc wizards
  2 centaur skeletons
  5 orc priests
  A bullfrog skeleton (D:8)
  Jessica (D:2)
  Terence (D:3)
  3 iguanas
  6 worker ants
  2 killer bee zombies (D:8)
  An ogre zombie (D:9)
  A howler monkey zombie (D:7)
  9 adders
  A shadow imp (D:6)
  2 adder skeletons
  An adder zombie (D:6)
  3 worms
  3 dart slugs
  4 leopard geckos
  47 orcs
  3 ball pythons
  5 giant cockroaches
  10 goblins
  7 hobgoblins
  8 jackals
  12 kobolds
  4 quokkas
  6 bats
  5 frilled lizards
  A goblin zombie (D:9)
  A hobgoblin skeleton (D:9)
  A leopard gecko skeleton (D:4)
  An orc zombie (D:9)
  8 rats
226 creatures vanquished.

Notes
Turn   | Place    | Note
-------+----------+-------------------------------------------
     0 | D:1      | MalarOregon the Merfolk Skald began the quest for the Orb.
     0 | D:1      | Reached XP level 1. HP: 16/16 MP: 3/3
   175 | D:1      | Reached XP level 2. HP: 14/22 MP: 5/5
   424 | D:1      | Reached skill level 1 in Armour
   530 | D:1      | Reached XP level 3. HP: 28/28 MP: 6/6
   992 | D:2      | Reached XP level 4. HP: 29/34 MP: 7/7
  1363 | D:2      | Noticed Jessica
  1372 | D:2      | Killed Jessica
  1372 | D:2      | Reached skill level 4 in Polearms
  1799 | D:3      | Reached XP level 5. HP: 35/40 MP: 7/9
  1927 | D:3      | Learned a level 3 spell: Regeneration
  1931 | D:3      | Learned a level 3 spell: Spectral Weapon
  2205 | D:3      | Found a faded altar of an unknown god.
  2261 | D:3      | Noticed Terence
  2307 | D:3      | Killed Terence
  3086 | D:3      | Reached skill level 1 in Shields
  3086 | D:3      | Reached XP level 6. HP: 42/47 MP: 10/10
  3138 | D:4      | Found a staircase to the Ecumenical Temple.
  3225 | Temple   | Entered the Ecumenical Temple
  3633 | D:4      | Noticed Purgy
  3818 | D:4      | Noticed a phantom
  4114 | D:4      | Killed Purgy
  4114 | D:4      | Reached skill level 5 in Polearms
  4114 | D:4      | Reached XP level 7. HP: 41/53 MP: 11/11
  4512 | D:5      | Entered Level 5 of the Dungeon
  4860 | D:5      | Found a blossoming altar of Fedhas.
  4862 | D:5      | Found an opulent altar of Gozag.
  5013 | D:5      | Found a white marble altar of Elyvilon.
  5015 | D:5      | Found a deep blue altar of Sif Muna.
  5119 | D:5      | Reached skill level 5 in Dodging
  5119 | D:5      | Reached XP level 8. HP: 51/60 MP: 13/13
  5227 | D:5      | Reached skill level 5 in Charms
  5605 | D:6      | Found a radiant altar of Vehumet.
  5827 | D:6      | Reached skill level 6 in Polearms
  5990 | D:6      | Found a shadowy altar of Dithmenos.
  6173 | D:6      | Noticed Sigmund
  6192 | D:6      | Killed Sigmund
  6201 | D:6      | Found a sparkling altar of Nemelex Xobeh.
  6455 | D:6      | Found an iron altar of Okawaru.
  6504 | D:7      | Noticed a hippogriff
  6643 | D:7      | Reached skill level 5 in Fighting
  6656 | D:7      | Reached XP level 9. HP: 55/68 MP: 15/15
  6702 | D:6      | Reached skill level 7 in Polearms
  7131 | D:7      | Found a sacrificial altar of Ru.
  7437 | D:7      | Reached skill level 5 in Spellcasting
  7918 | D:8      | Reached skill level 8 in Polearms
  7949 | D:8      | Noticed a komodo dragon
  7992 | D:8      | Killed a komodo dragon
  7992 | D:8      | Reached XP level 10. HP: 76/76 MP: 17/17
  8023 | D:8      | Noticed a green ugly thing
  8880 | D:7      | Reached skill level 9 in Polearms
 10096 | D:9      | Noticed a two-headed ogre
 10151 | D:9      | HP: 3/79 [two-headed ogre/+0 giant spiked club (17)]
 10151 | D:9      | Slain by a two-headed ogre

Skill      XL: |  1  2  3  4  5  6  7  8  9 10 |
---------------+-------------------------------+-----
Dodging        | 3 4 5 6 7 8 |  8.7
Armour         | 1 2 3 4 |  4.0
Polearms       | 4 5 6 8 9 |  9.6
Fighting       | 3 4 5 6 7 |  7.2
Charms         | 4 5 6 7 |  7.7
Shields        | 1 2 3 4 |  4.0
Spellcasting   | 3 4 5 6 |  6.1

Action                   |  1- 3 |  4- 6 |  7- 9 | 10-12 || total
-------------------------+-------+-------+-------+-------++-------
Melee: Spear             |   139 |   205 |       |       ||   344
       Trident           |       |   277 |   484 |   381 ||  1142
       Unarmed           |       |       |     3 |       ||     3
 Cast: Regeneration      |       |       |       |     1 ||     1
Evoke: Wand              |       |       |     2 |       ||     2
  Use: Potion            |     1 |       |       |     1 ||     2
       Scroll            |       |     4 |     4 |     3 ||    11
 Stab: Sleeping          |     1 |       |       |       ||     1
       Distracted        |     1 |       |       |       ||     1
       Invisible         |       |       |     1 |       ||     1
       Paralysed         |       |       |     1 |       ||     1
  Eat: Chunk             |       |    11 |    19 |     7 ||    37
Armor: Leather armour    |    21 |     4 |       |       ||    25
       Ring mail         |       |   153 |   163 |   133 ||   449
       Skin              |       |       |    22 |       ||    22
Dodge: Dodged            |    43 |   214 |   228 |   261 ||   746
Block: Buckler           |       |    53 |    96 |    73 ||   222
